General information
- name: BNet
- type: Ladder team game (AT/RT)
- host: Battle.net
- saver: skrt
map: Battleground_LV
- players: 8
- length: 19:21
- speed: Fast
- version: 1.10030 W3XP
- replay type: Public
» download(248 KB)
Players
team 1 (loser)
TucKnY[GGL] (
green | 74 APM | 1419 actions | 19:10)
4 Death Knight
2 Death Coil
2 Unholy Aura
3 Lich
2 Frost Nova
1 Frost Armor
» actions
| Basic commands | 1 | |
| Build / train | 53 | |
| Enter build submenu | 15 | |
| Enter hero's abilities submenu | 7 | |
| Remove unit from queue | 1 | |
| Right click | 957 | |
| Select / deselect | 306 | |
| Use ability | 79 | |
1419 total
» units
| Acolyte | 10 | |
| Ghoul | 2 | |
| Crypt Fiend | 12 | |
| Abomination | 1 | |
| Meatwagon | 1 | |
26 total
» upgrades
» buildings
| Crypt | 2 | |
| Graveyard | 1 | |
| Altar of Darkness | 1 | |
| Ziggurat | 7 | |
| Tomb of Relics | 1 | |
| Halls of the Dead | 1 | |
| Nerubian Tower | 1 | |
| Black Citadel | 1 | |
| Slaughterhouse | 2 | |
17 total
» build order
00:08 Crypt
00:10 Crypt
00:13 Graveyard
00:52 Altar of Darkness
00:57 Ziggurat
01:35 Tomb of Relics
02:00 Ziggurat
03:35 Ziggurat
05:52 Halls of the Dead
06:53 Ziggurat
07:50 Nerubian Tower
10:46 Black Citadel
12:17 Slaughterhouse
12:17 Slaughterhouse
15:53 Ziggurat
17:46 Ziggurat
17:48 Ziggurat
» items
| Rod of Necromancy | 1 | |
| Lesser Clarity Potion | 1 | |
| Healing Salve | 1 | |
| Scroll of Town Portal | 6 | |
| Potion of Healing | 2 | |
| Potion of Mana | 1 | |
12 total
YourDad (
yellow | 146 APM | 2800 actions | 19:14)
5 Tauren Chieftain
2 Endurance Aura
3 Shockwave
» actions
| Assign group hotkey | 31 | |
| Basic commands | 107 | |
| Build / train | 83 | |
| ESC pressed | 4 | |
| Enter build submenu | 27 | |
| Enter hero's abilities submenu | 5 | |
| Give item / drop item | 2 | |
| Right click | 990 | |
| Select / deselect | 354 | |
| Select group hotkey | 1077 | |
| Use ability | 120 | |
2800 total
» units
| Peon | 19 | |
| Grunt | 7 | |
| Raider | 11 | |
| Troll Witch Doctor | 7 | |
| Shaman | 3 | |
47 total
» upgrades
| Berserker Strength | 1 | |
| Pillage | 1 | |
| Witch Doctor Training | 2 | |
| Ensnare | 1 | |
| Reinforced Defenses | 1 | |
| Shaman Training | 2 | |
| Armor | 1 | |
9 total
» buildings
| Altar of Storms | 2 | |
| Orc Burrow | 5 | |
| Barracks | 1 | |
| Voodoo Lounge | 3 | |
| Stronghold | 2 | |
| War Mill | 1 | |
| Beastiary | 1 | |
| Spirit Lodge | 2 | |
| Fortress | 1 | |
| Great Hall | 1 | |
| Watch Tower | 8 | |
27 total
» build order
00:06 Altar of Storms
00:10 Orc Burrow
00:34 Barracks
01:26 Voodoo Lounge
02:22 Orc Burrow
02:48 Stronghold
02:48 Stronghold
03:15 War Mill
04:17 Orc Burrow
05:19 Beastiary
05:36 Spirit Lodge
07:38 Voodoo Lounge
07:40 Fortress
09:00 Great Hall
09:56 Watch Tower
09:58 Watch Tower
10:38 Watch Tower
11:12 Orc Burrow
11:47 Watch Tower
12:51 Watch Tower
12:55 Watch Tower
13:37 Spirit Lodge
14:05 Watch Tower
15:09 Watch Tower
15:31 Voodoo Lounge
17:23 Altar of Storms
17:26 Orc Burrow
» items
| Healing Salve | 3 | |
| Lesser Clarity Potion | 4 | |
| Scroll of Town Portal | 2 | |
| Orb of Lightning | 1 | |
| Potion of Mana | 1 | |
| Potion of Healing | 1 | |
12 total

»
SuPa-KiCkAsS (
pink | 70 APM | 1352 actions | 19:20)
3 Blademaster
1 Wind Walk
2 Critical Strike
1 Tauren Chieftain
1 War Stomp
» actions
| Assign group hotkey | 23 | |
| Basic commands | 2 | |
| Build / train | 35 | |
| Enter build submenu | 22 | |
| Enter hero's abilities submenu | 4 | |
| Right click | 880 | |
| Select / deselect | 218 | |
| Select group hotkey | 103 | |
| Use ability | 65 | |
1352 total
» units
| Peon | 9 | |
| Grunt | 6 | |
| Troll Headhunter/Berserker | 1 | |
| Wind Rider | 5 | |
21 total
» buildings
| Altar of Storms | 1 | |
| Orc Burrow | 12 | |
| Voodoo Lounge | 1 | |
| Barracks | 1 | |
| Stronghold | 1 | |
| War Mill | 1 | |
| Beastiary | 3 | |
| Great Hall | 1 | |
21 total
» build order
00:08 Altar of Storms
00:13 Orc Burrow
00:21 Voodoo Lounge
01:01 Orc Burrow
01:46 Barracks
03:03 Orc Burrow
04:11 Stronghold
04:47 War Mill
05:20 Orc Burrow
07:59 Beastiary
08:06 Beastiary
08:12 Orc Burrow
09:02 Beastiary
09:41 Orc Burrow
13:20 Orc Burrow
13:47 Orc Burrow
17:20 Great Hall
17:26 Orc Burrow
17:34 Orc Burrow
18:15 Orc Burrow
18:24 Orc Burrow
» items
| Healing Salve | 2 | |
| Lesser Clarity Potion | 2 | |
| Scroll of Speed | 1 | |
| Scroll of Town Portal | 1 | |
| Potion of Healing | 1 | |
7 total

»
Dubya253 (
teal | 38 APM | 732 actions | 19:19)
4 Tauren Chieftain
2 War Stomp
2 Endurance Aura
2 Shadow Hunter
1 Hex
1 Healing Wave
» actions
| Build / train | 65 | |
| ESC pressed | 1 | |
| Enter build submenu | 16 | |
| Enter hero's abilities submenu | 6 | |
| Remove unit from queue | 2 | |
| Right click | 365 | |
| Select / deselect | 218 | |
| Use ability | 59 | |
732 total
» units
| Peon | 9 | |
| Grunt | 8 | |
| Tauren | 12 | |
| Shaman | 13 | |
42 total
» upgrades
| Ranged Weapons | 0 | |
| Melee Weapons | 2 | |
| Armor | 1 | |
| Shaman Training | 2 | |
| Pulverize | 1 | |
| Reinforced Defenses | 1 | |
7 total
» buildings
| Altar of Storms | 1 | |
| Barracks | 1 | |
| Orc Burrow | 8 | |
| Voodoo Lounge | 1 | |
| War Mill | 1 | |
| Stronghold | 1 | |
| Spirit Lodge | 1 | |
| Fortress | 1 | |
| Tauren Totem | 1 | |
| Great Hall | 1 | |
17 total
» build order
00:20 Altar of Storms
00:25 Barracks
00:32 Orc Burrow
01:35 Voodoo Lounge
01:58 Orc Burrow
02:22 War Mill
03:22 Orc Burrow
04:05 Stronghold
05:43 Orc Burrow
06:43 Spirit Lodge
06:45 Fortress
07:45 Tauren Totem
08:39 Great Hall
09:00 Orc Burrow
10:35 Orc Burrow
14:44 Orc Burrow
15:49 Orc Burrow
» items
team 2 (winner)

»
Apocalix (
purple | 74 APM | 1426 actions | 19:20)
4 Crypt Lord
2 Carrion Beetles
1 Spiked Carapace
1 Impale
3 Death Knight
2 Death Coil
1 Unholy Aura
1 Lich
1 Frost Armor
» actions
| Assign group hotkey | 22 | |
| Build / train | 69 | |
| Enter build submenu | 15 | |
| Enter hero's abilities submenu | 8 | |
| Give item / drop item | 6 | |
| Right click | 621 | |
| Select / deselect | 247 | |
| Select group hotkey | 370 | |
| Use ability | 68 | |
1426 total
» units
| Acolyte | 11 | |
| Ghoul | 4 | |
| Crypt Fiend | 11 | |
| Obsidian Statue | 5 | |
| Forest Troll Shadow Priest | 1 | |
32 total
» upgrades
| Creature Attack | 3 | |
| Creature Carapace | 3 | |
| Web | 1 | |
| Destroyer Form | 1 | |
8 total
» buildings
| Graveyard | 1 | |
| Crypt | 2 | |
| Altar of Darkness | 1 | |
| Ziggurat | 7 | |
| Tomb of Relics | 1 | |
| Nerubian Tower | 3 | |
| Halls of the Dead | 1 | |
| Necropolis | 1 | |
| Slaughterhouse | 1 | |
| Black Citadel | 1 | |
| Spirit Tower | 1 | |
20 total
» build order
00:53 Graveyard
00:55 Crypt
00:59 Altar of Darkness
01:07 Ziggurat
01:30 Ziggurat
01:38 Tomb of Relics
02:04 Ziggurat
02:29 Nerubian Tower
05:17 Halls of the Dead
06:10 Ziggurat
07:29 Necropolis
07:32 Ziggurat
07:32 Ziggurat
07:33 Ziggurat
07:47 Slaughterhouse
09:09 Black Citadel
10:03 Nerubian Tower
10:03 Nerubian Tower
10:59 Crypt
18:03 Spirit Tower
» items
| Rod of Necromancy | 1 | |
| Healing Salve | 1 | |
| Scroll of Town Portal | 7 | |
| Orb of Corruption | 2 | |
11 total

»
skrt (
orange | 158 APM | 3052 actions | 19:21)
5 Archmage
3 Summon Water Elemental
2 Brilliance Aura
3 Mountain King
2 Storm Bolt
1 Bash
2 Blood Mage
1 Banish
1 Siphon Mana
» actions
| Assign group hotkey | 51 | |
| Basic commands | 248 | |
| Build / train | 82 | |
| ESC pressed | 5 | |
| Enter build submenu | 24 | |
| Enter hero's abilities submenu | 13 | |
| Right click | 1233 | |
| Select / deselect | 628 | |
| Select group hotkey | 659 | |
| Use ability | 108 | |
3052 total
» units
| Peasant | 15 | |
| Footman | 11 | |
| Rifleman | 1 | |
| Gryphon Rider | 8 | |
35 total
» upgrades
| Masonry | 3 | |
| Lumber Harvesting | 2 | |
| Swords | 3 | |
| Storm Hammers | 1 | |
| Plating | 2 | |
11 total
» buildings
| Altar of Kings | 2 | |
| Farm | 10 | |
| Barracks | 1 | |
| Lumber Mill | 1 | |
| Keep | 3 | |
| Town Hall | 1 | |
| Scout Tower | 4 | |
| Arcane Vault | 1 | |
| Guard Tower | 4 | |
| Blacksmith | 1 | |
| Castle | 1 | |
| Gryphon Aviary | 2 | |
31 total
» build order
00:05 Altar of Kings
00:11 Altar of Kings
00:12 Farm
00:29 Barracks
00:46 Farm
01:35 Lumber Mill
02:09 Farm
03:36 Keep
04:01 Town Hall
04:07 Scout Tower
04:25 Arcane Vault
04:56 Keep
04:56 Keep
05:13 Farm
05:15 Guard Tower
05:33 Scout Tower
05:46 Farm
06:20 Guard Tower
06:21 Scout Tower
06:44 Scout Tower
06:54 Guard Tower
06:58 Blacksmith
07:24 Guard Tower
08:05 Castle
08:53 Gryphon Aviary
08:54 Gryphon Aviary
10:33 Farm
10:35 Farm
10:37 Farm
12:22 Farm
13:31 Farm
» items
| Lesser Clarity Potion | 3 | |
| Scroll of Town Portal | 5 | |
| Healing Salve | 1 | |
| Boots of Speed | 1 | |
| Potion of Lesser Invulnerability | 1 | |
| Potion of Mana | 2 | |
| Orb of Fire | 1 | |
| Potion of Healing | 1 | |
15 total
DeathMizra (
blue | 74 APM | 1431 actions | 19:20)
4 Tauren Chieftain
2 War Stomp
2 Endurance Aura
2 Shadow Hunter
1 Healing Wave
1 Hex
» actions
| Assign group hotkey | 20 | |
| Basic commands | 132 | |
| Build / train | 46 | |
| ESC pressed | 4 | |
| Enter build submenu | 19 | |
| Enter hero's abilities submenu | 6 | |
| Right click | 557 | |
| Select / deselect | 284 | |
| Select group hotkey | 303 | |
| Use ability | 60 | |
1431 total
» units
| Peon | 8 | |
| Grunt | 10 | |
| Troll Headhunter/Berserker | 4 | |
| Troll Witch Doctor | 2 | |
24 total
» upgrades
| Armor | 2 | |
| Melee Weapons | 2 | |
| Pillage | 1 | |
| Berserker Strength | 1 | |
| Troll Regeneration | 1 | |
| Witch Doctor Training | 1 | |
| Spiked Barricades | 1 | |
9 total
» buildings
| Altar of Storms | 1 | |
| Orc Burrow | 5 | |
| Barracks | 2 | |
| Voodoo Lounge | 1 | |
| War Mill | 1 | |
| Stronghold | 1 | |
| Watch Tower | 4 | |
| Spirit Lodge | 1 | |
| Great Hall | 2 | |
| Fortress | 1 | |
19 total
» build order
00:07 Altar of Storms
00:10 Orc Burrow
00:51 Barracks
01:32 Orc Burrow
02:22 Voodoo Lounge
03:33 War Mill
03:50 Orc Burrow
05:06 Stronghold
07:34 Watch Tower
07:41 Watch Tower
08:22 Barracks
12:10 Orc Burrow
12:13 Orc Burrow
13:13 Spirit Lodge
13:21 Great Hall
16:09 Fortress
16:14 Great Hall
16:44 Watch Tower
16:48 Watch Tower
» items
| Healing Salve | 1 | |
| Potion of Healing | 1 | |
| Lesser Clarity Potion | 1 | |
3 total
mylife4thehorde (
red | 68 APM | 1309 actions | 19:20)
4 Blademaster
2 Critical Strike
2 Wind Walk
1 Tauren Chieftain
1 Endurance Aura
» actions
| Assign group hotkey | 23 | |
| Build / train | 70 | |
| Enter build submenu | 29 | |
| Enter hero's abilities submenu | 5 | |
| Give item / drop item | 2 | |
| Remove unit from queue | 1 | |
| Right click | 460 | |
| Select / deselect | 311 | |
| Select group hotkey | 340 | |
| Use ability | 67 | |
1309 total
» units
| Peon | 18 | |
| Grunt | 6 | |
| Troll Headhunter/Berserker | 3 | |
| Shaman | 5 | |
| Troll Witch Doctor | 2 | |
| Raider | 3 | |
| Tauren | 2 | |
39 total
» upgrades
| Armor | 1 | |
| Shaman Training | 2 | |
| Reinforced Defenses | 1 | |
| Witch Doctor Training | 2 | |
| Ensnare | 1 | |
| Melee Weapons | 1 | |
| Pillage | 1 | |
| Pulverize | 1 | |
10 total
» buildings
| Altar of Storms | 1 | |
| Barracks | 1 | |
| Orc Burrow | 8 | |
| War Mill | 2 | |
| Voodoo Lounge | 2 | |
| Watch Tower | 9 | |
| Stronghold | 1 | |
| Fortress | 1 | |
| Spirit Lodge | 2 | |
| Beastiary | 1 | |
| Tauren Totem | 1 | |
29 total
» build order
00:02 Altar of Storms
00:14 Barracks
00:17 Orc Burrow
01:38 Orc Burrow
02:15 War Mill
02:58 Voodoo Lounge
03:18 Orc Burrow
03:43 Voodoo Lounge
03:56 Watch Tower
05:07 Watch Tower
05:16 Stronghold
05:37 Watch Tower
07:09 Orc Burrow
07:12 Watch Tower
07:16 Watch Tower
08:18 Fortress
09:30 Orc Burrow
09:43 Spirit Lodge
09:48 Spirit Lodge
13:28 Watch Tower
13:31 Watch Tower
13:35 Watch Tower
14:46 War Mill
15:08 Beastiary
16:05 Tauren Totem
17:52 Orc Burrow
18:34 Orc Burrow
19:11 Orc Burrow
19:15 Watch Tower
» items
| Healing Salve | 4 | |
| Boots of Speed | 2 | |
| Orb of Lightning | 2 | |
| Tiny Great Hall | 1 | |
| Scroll of Town Portal | 2 | |
11 total
Chat log
(00:16 / Allies) DeathMizra: sup dudes
(00:31 / Allies) Apocalix: realy ?
(00:44 / Allies) DeathMizra: yes really
(01:01 / Allies) DeathMizra: I'll go melee
(05:39 / Allies) DeathMizra: thx
(09:12 / Allies) skrt: wod
(09:20 / Allies) skrt: w00d